 Dungeon Sprint DCSS version 0.30-a0-390-g80c34de65d (webtiles) character file.

Game seed: 4648988219614927115

42590 rocky1 the Shatterer (level 14, -2/180 HPs)
             Began as an Ogre Fighter on Dec 4, 2022.
             Was the Champion of Cheibriados.
             Succumbed to a deep elf blademaster's poison
             ... in the Dungeon (Sprint VII: "The Pits") on Dec 5, 2022.
             The game lasted 00:16:58 (5385 turns).

rocky1 the Shatterer (Ogre Fighter)                 Turns: 5385, Time: 00:16:58

Health: -2/180     AC: 18    Str: 43    XL:     14   Next: 20%
Magic:  3/25       EV: 11    Int: 26    God:    Cheibriados [******]
Gold:   58         SH: 23    Dex: 23    Spells: 13/13 levels left

rFire   . . .      SeeInvis .    F - +9 morningstar (holy)
rCold   . . .      Faith    .    E - +0 tower shield
rNeg    . . .      Spirit   .    x - +0 shadow dragon scales
rPois   .          Reflect  .    (helmet restricted)
rElec   .          Harm     .    (no cloak)
rCorr   .          Rampage  .    (gloves unavailable)
Will    +....      NoTele   +    (boots unavailable)
Stlth   +++.......               (no amulet)
HPRegen 0.50/turn                o - +3 ring of strength
MPRegen 0.19/turn                w - +4 ring of protection

@: lethally poisoned (-2 -> -15), on berserk cooldown, slowed, studying Staves,
very slow
A: large, unfitting armour, tough skin 1
a: Renounce Religion, Bend Time, Temporal Distortion, Slouch, Step From Time


You were in the Dungeon.
You worshipped Cheibriados.
Cheibriados was exalted by your worship.
You visited 1 branch You collected 58 gold pieces.

Inventory:

Hand Weapons
 a - a +2 broad axe of freezing
 f - a +1 whip of electrocution
 n - a +2 mace of protection
 t - a +2 vorpal morningstar
 F - a +9 morningstar of holy wrath (weapon)
 H - a +1 vorpal battleaxe
Missiles
 g - 4 silver javelins
 k - 12 poisoned darts (quivered)
 D - 4 throwing nets
Armour
 b - a +0 robe
 c - a +0 kite shield
 x - +0 shadow dragon scales (worn)
 E - a +0 tower shield (worn)
Jewellery
 o - a +3 ring of strength (left hand)
 p - a +3 ring of intelligence
 w - a +4 ring of protection (right hand)
 z - a ring of fire
 A - a ring of protection from cold
 G - a ring of resist corrosion
Scrolls
 j - a scroll of blinking
 l - 5 scrolls of amnesia
 m - a scroll of summoning
 u - 2 scrolls of fog
 v - 4 scrolls of enchant armour
 y - a scroll of fear
 B - a scroll of immolation
Potions
 d - 3 potions of heal wounds
 e - 7 potions of curing
 i - 2 potions of berserk rage
 q - 5 potions of brilliance
 r - 3 potions of might
 s - 2 potions of mutation
 C - a potion of resistance
Miscellaneous
 I - a phial of floods


   Skills:
 - Level 21.8 Fighting
 * Level 22.8 Maces & Flails
 + Level 5.1 Armour
 + Level 6.4 Dodging
 + Level 18.2 Shields
 - Level 15.0 Invocations


You had 13 spell levels left.
You didn't know any spells.
Your spell library contained the following spells:

 Spells                   Type           Power      Damage    Failure   Level
 Ozocubu's Armour         Ice            0%         N/A       94%         3
 Metabolic Englaciation   Hex/Ice        0%         N/A       100%        5
 Simulacrum               Ice/Necr       0%         N/A       100%        6


Dungeon Overview and Level Annotations

Branches:
Dungeon (1/1)

Altars:
Ashenzari
Cheibriados
Dithmenos
Elyvilon
Fedhas
Gozag
Hepliaklqana
Kikubaaqudgha
Makhleb
Nemelex Xobeh
Okawaru
Qazlal
Ru
Sif Muna
Trog
Uskayaw
Vehumet
Wu Jian
Xom
Yredelemnul
Zin
The Shining One
Jiyva
Lugonu


Innate Abilities, Weirdness & Mutations

You are too large for most types of armour.
You have tough skin. (AC +1)


Message History

* * * LOW HITPOINT WARNING * * *
You feel very sick. You block the orc knight's attack.
Your Armour skill increases to level 5!
Unknown command.
* * * LOW HITPOINT WARNING * * *
You feel extremely sick.
The orc knight hits you with a +0 glaive!
* * * LOW HITPOINT WARNING * * *
You block the orc knight's attack.
Things that are here:
a +0 rapier of venom; a +0 rapier of venom; a +0 leather armour You impale the orc knight!!
The orc knight is severely wounded.
* * * LOW HITPOINT WARNING * * *
You feel very sick. You block the orc knight's attack.
You barely miss the orc knight.
The orc knight is severely wounded.
* * * LOW HITPOINT WARNING * * *
You feel very sick.
You impale the orc knight!!
You kill the orc knight!
Cheibriados appreciates the change of pace.
* * * LOW HITPOINT WARNING * * *
You feel very sick.
Unknown command.
You are too berserk!
Unknown command.
* * * LOW HITPOINT WARNING * * *
You feel very sick.
You are too berserk!
You are too berserk!
You are too berserk!
Unknown command.
You feel a strong urge to attack something.
You are no longer berserk.
You are exhausted.
You feel yourself slow down.
You die...

++####++#########################
....##...........))..............
'##.##.....)[....))..))).........
))+.##..##############)'#########
))#.##..# +.. #........#
..'.##..# #... #........#
[.#.##..####...#######..####
#+#.##..#.........#........#
##..#......)@.)...........
#..#.........#........#..
######..##+###+##.####..#### #
...†....# #.# #### ........# #.+
######### ### #### #############
...####..'.?...'[.##
....##...##...##...#


There were no monsters in sight!

Vanquished Creatures
  A deep elf blademaster (D)
  A death cob (D)
  Agnes (D)
  A shadow dragon (D)
  A daeva (D)
  Aizul (D)
  An ophan (D)
  2 orc warlords (D)
  A vampire knight (D)
  A minotaur (D)
  A lorocyproca (D)
  A deep elf high priest (D)
  Harold (D)
  A vault guard (D)
  A hydra (D)
  A centaur warrior (D)
  An alligator snapping turtle (D)
  A boulder beetle (D)
  A two-headed ogre (D)
  A merfolk aquamancer (D)
  A death knight (D)
  4 death yaks (D)
  An orc high priest (D)
  2 sun demons (D)
  3 skeletal warriors (D)
  A deep elf knight (D)
  A sixfirhy (D)
  An iron troll (D)
  A shadow wraith (D)
  A cherub (D)
  2 sea snakes (D)
  A spriggan druid (D)
  A flayed ghost (D)
  Pikel (D)
  2 bog bodies (D)
  10 orc knights (D)
  A phantasmal warrior (D)
  An orc sorcerer (D)
  A manticore (D)
  A black mamba (D)
  A molten gargoyle (D)
  2 gargoyles (D)
  2 rime drakes (D)
  An efreet (D)
  A komodo dragon (D)
  A demonic crawler (D)
  An ice devil (D)
  A guardian mummy (D)
  A red devil (D)
  A wandering mushroom (D)
  A hellwing (D)
  A tyrant leech (D)
  A hornet (D)
  4 dream sheep (D)
  2 snapping turtles (D)
  A flying skull (D)
  A wraith (D)
  A spriggan (D)
  2 fire bats (D)
  2 yaks (D)
  3 redbacks (D)
  A basilisk (D)
  4 vampire mosquitoes (D)
  A warg (D)
  3 water moccasins (D)
  2 floating eyes (D)
  A swamp drake (D)
  2 orc warriors (D)
  A wolf (D)
  A centaur (D)
  3 lemures (D)
  2 kobold brigands (D)
  3 scorpions (D)
  A gnoll sergeant (D)
  7 wights (D)
  A jelly (D)
  2 orc priests (D)
  An iron imp (D)
  2 orc wizards (D)
  3 gnolls (D)
  A river rat (D)
  A white imp (D)
  2 ufetubi (D)
  7 orcs (D)
  2 ball pythons (D)
  A bat (D)
  A giant cockroach (D)
  A goblin (D)
  4 jackals (D)
  A kobold (D)
  A ball python skeleton (D)
  A rat (D)
153 creatures vanquished.

Notes
Turn   | Place    | Note
-------+----------+-------------------------------------------
     0 | D        | rocky1 the Ogre Fighter began the quest for the Orb.
     0 | D        | Reached XP level 1. HP: 24/24 MP: 1/1
    21 | D        | Reached skill level 2 in Maces & Flails
    25 | D        | Found a bloodstained altar of Trog.
    25 | D        | Found a shimmering blue altar of Sif Muna.
    25 | D        | Found a viscous altar of Jiyva.
    25 | D        | Found a hazy altar of Hepliaklqana.
    25 | D        | Found an opulent altar of Gozag.
    26 | D        | Found a glowing golden altar of the Shining One.
    26 | D        | Found a glowing silver altar of Zin.
    26 | D        | Found a basalt altar of Yredelemnul.
    26 | D        | Found a shimmering altar of Xom.
    26 | D        | Found an ornate altar of the Wu Jian Council.
    26 | D        | Found a sacrificial altar of Ru.
    26 | D        | Found a stormy altar of Qazlal.
    26 | D        | Found an iron altar of Okawaru.
    26 | D        | Found a sparkling altar of Nemelex Xobeh.
    26 | D        | Found a burning altar of Makhleb.
    26 | D        | Found a blossoming altar of Fedhas.
    26 | D        | Found a white marble altar of Elyvilon.
    26 | D        | Found a shadowy altar of Dithmenos.
    26 | D        | Found a snail-covered altar of Cheibriados.
    30 | D        | Found a corrupted altar of Lugonu.
    30 | D        | Found a radiant altar of Vehumet.
    31 | D        | Found a broken altar of Ashenzari.
    31 | D        | Found an ancient bone altar of Kikubaaqudgha.
    31 | D        | Found a hide-covered altar of Uskayaw.
    37 | D        | Became a worshipper of Cheibriados the Contemplative
    79 | D        | Reached skill level 3 in Maces & Flails
    79 | D        | Reached XP level 2. HP: 33/33 MP: 2/2
    79 | D        | Noticed a floating eye
    80 | D        | Paralysed by a floating eye for 4 turns
    85 | D        | Paralysed by a floating eye for 4 turns
    91 | D        | Killed a floating eye
    91 | D        | Reached * piety under Cheibriados
    92 | D        | Reached skill level 5 in Maces & Flails
    92 | D        | Reached skill level 5 in Shields
    92 | D        | Reached XP level 3. HP: 45/45 MP: 2/5
    92 | D        | Reached XP level 4. HP: 53/53 MP: 2/6
   238 | D        | Noticed a floating eye
   239 | D        | Paralysed by a floating eye for 2 turns
   241 | D        | Killed a floating eye
   241 | D        | Reached ** piety under Cheibriados
   242 | D        | Reached skill level 7 in Maces & Flails
   242 | D        | Reached skill level 5 in Invocations
   242 | D        | Reached XP level 5. HP: 63/63 MP: 6/8
   465 | D        | Noticed a lemure
   465 | D        | Noticed a lemure
   466 | D        | Noticed Pikel
   466 | D        | Noticed a lemure
   466 | D        | Noticed a lemure
   480 | D        | Killed a lemure
   484 | D        | Reached *** piety under Cheibriados
   485 | D        | Reached XP level 6. HP: 74/74 MP: 8/10
   497 | D        | Paralysed by Pikel for 2 turns
   506 | D        | Killed Pikel
   507 | D        | Reached skill level 10 in Fighting
   507 | D        | Reached skill level 9 in Maces & Flails
   507 | D        | Reached XP level 7. HP: 50/87 MP: 8/12
   651 | D        | Noticed a fire bat
   656 | D        | Noticed a warg
   671 | D        | Killed a warg
   672 | D        | Reached skill level 10 in Maces & Flails
   672 | D        | Reached XP level 8. HP: 9/96 MP: 12/14
   672 | D        | Upgraded the game from 0.30-a0-389-g8d7d949f56 to
                  | 0.30-a0-390-g80c34de65d
   675 | D        | Reached **** piety under Cheibriados
   977 | D        | Reached ***** piety under Cheibriados
  1088 | D        | Reached skill level 11 in Maces & Flails
  1135 | D        | Noticed a flying skull
  1149 | D        | Killed a flying skull
  1151 | D        | Reached ****** piety under Cheibriados
  1315 | D        | Noticed a guardian mummy
  1315 | D        | Noticed a bog body
  1318 | D        | Reached XP level 9. HP: 106/106 MP: 9/16
  1320 | D        | Killed a bog body
  1321 | D        | Reached skill level 12 in Maces & Flails
  1326 | D        | Killed a guardian mummy
  1327 | D        | Reached skill level 10 in Shields
  1327 | D        | Reached skill level 10 in Invocations
  1549 | D        | Noticed a hellwing
  1551 | D        | Noticed a molten gargoyle
  1554 | D        | Killed a hellwing
  1554 | D        | Killed a molten gargoyle
  1555 | D        | Reached skill level 13 in Maces & Flails
  1669 | D        | Noticed a two-headed ogre
  1669 | D        | Noticed a gargoyle
  1675 | D        | Killed a gargoyle
  1676 | D        | Reached XP level 10. HP: 52/120 MP: 12/18
  1677 | D        | Killed a shadow wraith
  1677 | D        | Killed a two-headed ogre
  1678 | D        | Reached skill level 14 in Maces & Flails
  1850 | D        | Noticed a sea snake
  1856 | D        | Killed a sea snake
  1860 | D        | Noticed an orc sorcerer
  1867 | D        | Killed an orc sorcerer
  1868 | D        | Reached skill level 15 in Fighting
  1870 | D        | Noticed a gargoyle
  1882 | D        | Killed a gargoyle
  2167 | D        | Noticed a four-headed hydra
  2171 | D        | Killed a four-headed hydra
  2172 | D        | Reached skill level 15 in Maces & Flails
  2307 | D        | Reached XP level 11. HP: 97/133 MP: 20/20
  2318 | D        | Noticed a bog body
  2319 | D        | Noticed a sun demon
  2324 | D        | Killed a bog body
  2333 | D        | Killed a sun demon
  2334 | D        | Reached skill level 16 in Maces & Flails
  2820 | D        | Noticed a flayed ghost
  2823 | D        | Noticed a manticore
  2827 | D        | Killed a flayed ghost
  2828 | D        | Killed a manticore
  2996 | D        | Noticed a phantasmal warrior
  3007 | D        | Killed a phantasmal warrior
  3008 | D        | Reached skill level 17 in Maces & Flails
  3383 | D        | Noticed a centaur warrior
  3384 | D        | Noticed a boulder beetle
  3386 | D        | Killed a centaur warrior
  3399 | D        | Killed a boulder beetle
  3400 | D        | Reached XP level 12. HP: 83/150 MP: 14/22
  3564 | D        | Noticed a minotaur
  3575 | D        | Killed a minotaur
  3743 | D        | Noticed Harold
  3751 | D        | Reached skill level 15 in Invocations
  3752 | D        | Reached skill level 18 in Maces & Flails
  3757 | D        | Killed Harold
  4171 | D        | Noticed a death yak
  4171 | D        | Noticed a death yak
  4171 | D        | Noticed a death yak
  4171 | D        | Noticed a death yak
  4171 | D        | Noticed a daeva
  4171 | D        | Noticed a deep elf high priest
  4171 | D        | Noticed an ophan
  4174 | D        | Killed a deep elf high priest
  4175 | D        | Killed a death yak
  4176 | D        | Reached skill level 15 in Shields
  4177 | D        | Killed a death yak
  4177 | D        | Killed a death yak
  4177 | D        | Killed a death yak
  4178 | D        | Reached skill level 19 in Maces & Flails
  4178 | D        | Killed an ophan
  4178 | D        | Killed a daeva
  4663 | D        | Noticed a death knight
  4663 | D        | Noticed a death cob
  4663 | D        | Noticed Aizul
  4664 | D        | Noticed a vampire knight
  4665 | D        | Identified the +4 triple sword "Qemoek" {freeze, rElec
                  | rPois rN+ Dex-3}
  4666 | D        | Noticed Agnes
  4667 | D        | Reached XP level 13. HP: 150/165 MP: 13/24
  4669 | D        | Killed a vampire knight
  4669 | D        | Killed Agnes
  4669 | D        | Noticed a shadow dragon
  4670 | D        | Reached skill level 20 in Maces & Flails
  4671 | D        | Killed Aizul
  4672 | D        | Killed a death cob
  4681 | D        | Reached skill level 21 in Maces & Flails
  4684 | D        | Killed a shadow dragon
  5134 | D        | Noticed an orc warlord
  5135 | D        | Noticed an orc warlord
  5146 | D        | Reached skill level 1 in Armour
  5148 | D        | Killed an orc warlord
  5150 | D        | Reached skill level 22 in Maces & Flails
  5153 | D        | Killed an orc warlord
  5162 | D        | Reached skill level 5 in Dodging
  5162 | D        | Reached XP level 14. HP: 97/180 MP: 2/25
  5367 | D        | Noticed a deep elf blademaster
  5371 | D        | Killed a lorocyproca
  5379 | D        | Killed a deep elf blademaster
  5380 | D        | Reached skill level 5 in Armour
  5380 | D        | HP: 13/270 [orc knight/+0 glaive (12)]
  5382 | D        | HP: 6/270 [poisoned by a deep elf blademaster]
  5384 | D        | HP: 1/270 [poisoned by a deep elf blademaster]
  5385 | D        | Succumbed to a deep elf blademaster's poison

Illustrated notes

Levels and vault maps discovered:
D:        pitsprint [storerooms_1, entrance_room_1, metal_vault_3, armoury_2,
          mini_pit_1, grid_room_1, main_hall_1, silver_pit, the_coven_3,
          the_vestibule_1, steel_vault_5, golden_pit, hallway_of_sentries,
          crystal_vault_4, iron_vault_1, final_vault]

Skill      XL: |  1  2  3  4  5  6  7  8  9 10 11 12 13 14 |
---------------+-------------------------------------------+-----
Maces & Flails | 3 5 7 9 10 11 13 15 17 19 22 | 22.8
Fighting       | 6 7 8 10 12 13 15 17 20 21 | 21.8
Shields        | 5 6 8 9 10 12 13 15 17 18 | 18.2
Invocations    | 3 5 7 8 9 11 12 14 15 | 15.0
Dodging        | 5 6 |  6.4
Armour         | 3 5 |  5.1

Action                   |  1- 3 |  4- 6 |  7- 9 | 10-12 | 13-15 || total
-------------------------+-------+-------+-------+-------+-------++-------
Melee: Flail             |    15 |    32 |       |       |       ||    47
       Mace              |       |       |    77 |       |       ||    77
       Morningstar       |       |       |     3 |    86 |    75 ||   164
Throw: Dart              |       |       |       |       |     1 ||     1
Invok: Bend Time         |       |     1 |       |       |       ||     1
       Slouch            |       |       |     5 |    28 |    20 ||    53
  Use: Potion            |       |     3 |     3 |     3 |     7 ||    16
       Scroll            |       |       |       |     4 |     1 ||     5
 Stab: Paralysed         |       |     4 |       |       |       ||     4
       Invisible         |       |     3 |     1 |       |       ||     4
       Sleeping          |       |       |     3 |       |       ||     3
Armor: Robe              |     8 |     3 |    18 |     7 |     3 ||    39
       Shadow dragon sca |       |       |       |       |     8 ||     8
Dodge: Dodged            |     6 |    10 |    25 |    19 |    16 ||    76
Block: Kite shield       |     7 |    15 |    62 |    45 |    23 ||   152
       Tower shield      |       |       |       |       |    37 ||    37

Table legend: (Time is in decaauts)
 A = Elapsed time spent in this place.
 B = Non-inter-level travel time spent in this place.
 C = Inter-level travel time spent in this place.
 D = Time resting spent in this place.
 E = Time spent auto-exploring this place.
 F = Levels seen in this place.
 G = Mean time per level.
                   A        B        C        D        E       F      G
               +--------+--------+--------+--------+--------+-----+--------+
         Total |   6288 |   6000 |    288 |   3936 |      0 |   1 | 6288.0 |
       Dungeon |   6288 |   6000 |    288 |   3936 |      0 |   1 | 6288.0 |
               +--------+--------+--------+--------+--------+-----+--------+

Top non-repeatable levels by time:
       D: 6288 daAuts
